 Dungeon Crawl Stone Soup version 0.26.0-20-g3ca415f5b8 (webtiles) character file.

Game seed: 15136096557436687673

2819 iamoutofideas the Thaumaturge (level 9, 0/57 HPs)
             Began as a Demonspawn Fire Elementalist on Jan 24, 2021.
             Was a Believer of Vehumet.
             Killed by an exploding a bullfrog zombie (35 damage)
             ... exploding inner flame
             ... on level 7 of the Dungeon.
             The game lasted 00:22:17 (8700 turns).

iamoutofideas the Thaumaturge (DsFE)                Turns: 8700, Time: 00:22:18

Health: 0/57       AC:  4    Str: 10    XL:     9   Next: 45%
Magic:  12/21      EV: 12    Int: 21    God:    Vehumet [**....]
Gold:   362        SH:  0    Dex: 13    Spells: 8/24 levels left

rFire    . . .     SeeInvis .   h - +3 short sword (venom)
rCold    . . .     Faith    .   (no shield)
rNeg     . . .     Spirit   .   a - +0 robe
rPois    .         Reflect  .   f - +0 helmet
rElec    .         Harm     .   v - +0 cloak
rCorr    .         Rampage  .   (no gloves)
Will     .....                  (no boots)
Stlth    +++.......             i - amulet of magic regeneration
HPRegen  1.19/turn              n - ring of stealth
MPRegen  0.42/turn              u - ring of flight

@: no status effects
A: powered by death 2, spiny 1, big brain 1
a: Renounce Religion, Evoke Flight


You were on level 7 of the Dungeon.
You worshipped Vehumet.
Vehumet was pleased with you.
You visited 2 branches of the dungeon, and saw 8 of its levels.
You also visited: Ossuary.

You collected 362 gold pieces.

Inventory:

Hand Weapons
 e - a +1 dagger of protection
 h - a +3 short sword of venom (weapon)
Armour
 a - a +0 robe (worn)
 f - a +0 helmet (worn)
 v - a +0 cloak (worn)
 C - a +0 buckler
Jewellery
 i - an amulet of magic regeneration (around neck)
 n - a ring of stealth (left hand)
 u - a ring of flight (right hand)
 E - a cursed -4 ring of slaying {unknown}
Wands
 A - a wand of random effects (7)
 D - a wand of polymorph (7)
Scrolls
 d - 3 scrolls of enchant armour
 g - 8 scrolls of teleportation
 o - 3 scrolls of identify
 q - a scroll of summoning {unknown}
 t - 6 scrolls of remove curse
 w - 3 scrolls of fear {unknown}
 y - 2 scrolls of magic mapping {unknown}
 B - a scroll of amnesia
 F - a scroll of enchant weapon
Potions
 b - a potion of brilliance
 c - 3 potions of curing {unknown}
 j - a potion of flight
 k - 3 potions of attraction
 l - a potion of cancellation
 m - 3 potions of lignification
 p - 2 potions of degeneration {unknown}
 r - 5 potions of might
 s - a potion of mutation {unknown}
 x - a potion of magic {unknown}
 z - a potion of heal wounds {unknown}


   Skills:
 + Level 2.3 Dodging
 - Level 1.9 Stealth
 + Level 8.2 Spellcasting
 + Level 6.4 Conjurations
 + Level 7.0 Fire Magic


You had 8 spell levels left.
You knew the following spells:

 Your Spells              Type           Power        Failure   Level
a - Foxfire               Conj/Fire      100%         1%          1
b - Conjure Flame         Conj/Fire      37%          1%          3
c - Sticky Flame          Conj/Fire      37%          4%          4
d - Inner Flame           Hex/Fire       23%          5%          3
e - Fireball              Conj/Fire      18%          14%         5

Your spell library contained the following spells:

 Spells                   Type           Power        Failure   Level
 Shock                    Conj/Air       88%          1%          1
 Animate Skeleton         Necr           16%          8%          1
 Pain                     Necr           32%          8%          1
 Confusing Touch          Hex            8%           24%         3
 Gell's Gravitas          Tloc           4%           24%         3
 Vampiric Draining        Necr           4%           24%         3
 Animate Dead             Necr           4%           61%         4
 Petrify                  Tmut/Erth      8%           61%         4
 Agony                    Necr           8%           91%         5
 Metabolic Englaciation   Hex/Ice        4%           91%         5
 Yara's Violent Unravell  Hex/Tmut       4%           91%         5


Dungeon Overview and Level Annotations

Branches:
Dungeon (7/15)             Temple (1/1) D:6         Ossuary (visited)

Altars:
Ashenzari
Cheibriados
Dithmenos
Elyvilon
Fedhas
Gozag
Hepliaklqana
Kikubaaqudgha
Makhleb
Nemelex Xobeh
Okawaru
Qazlal
Ru
Sif Muna
Trog
Uskayaw
Vehumet
Wu Jian
Xom
Yredelemnul
Zin
The Shining One

Shops:
D:5 ([}   D:6 *   D:7 *

Annotations:
D:2 Natasha
D:5 exclusion: 2 downstairs


Innate Abilities, Weirdness & Mutations

You regenerate health from kills.
You are partially covered in sharp spines.
You have an unusually large brain. (Int +2)


Message History

The spell is quite dangerous to cast (14% risk of failure)!
Continue anyway?
Aiming: Fireball (quite dangerous; 14% risk of failure)
Press: ? - help, Shift-Dir - straight line, f/p - bullfrog zombie
Aim: a bullfrog zombie (inner flame)
The fireball explodes!
The fireball engulfs the bullfrog zombie!!
Flame seeps out of the bullfrog zombie.
The bullfrog zombie is heavily damaged.
The bullfrog zombie is engulfed in blazing flames.
Flame seeps out of the bullfrog zombie.
Unknown command.
Unknown command.
Casting: Fireball (quite dangerous; 14% risk of failure)
Confirm with . or Enter, or press ? or * to list all spells.
You conjure some foxfire!
The foxfire hits the bullfrog zombie.
Vehumet accepts your kill.
The bullfrog zombie explodes!
The fiery explosion engulfs you!!
Ouch! That really hurt!
You die...

#.# #...♣ #.# #.... #.#
#.... #.# #.... # #.#
#.... ..
#.#.#############....
....#)#..................
.......v.(...............
#..##.#)@§§<...#####.##..
# #.§§§#.............
##§§v.#.##########.
#..................
#..).○#.#####......
#.#......####......
#.##.#[............ #+
#.#)..####...... ..#...#
#......


There were no monsters in sight!

Vanquished Creatures
  Grinder (D:3)
  Menkaure (D:6)
  Edmund (D:5)
  A water moccasin (D:5)
  4 orc warriors
  An ice beast (D:6)
  A sky beast (D:7)
  3 ogres
  A phantom (D:4)
  A wyvern skeleton (D:6)
  2 scorpions (D:6)
  4 centaur zombies
  3 orc priests
  5 bullfrog zombies
  2 jellies (D:6)
  2 orc wizards (D:6)
  Jessica (D:3)
  A bullfrog skeleton (D:7)
  2 iguanas (D:4)
  Terence (D:3)
  3 worker ants
  Natasha (D:2)
  10 mummies (Ossuary)
  A worker ant zombie (Ossuary)
  Robin (D:2)
  8 gnolls
  6 adders
  A howler monkey skeleton (D:3)
  2 white imps
  An ufetubus (D:6)
  2 oozes (D:1)
  3 adder zombies (Ossuary)
  2 worms
  2 dart slugs (D:1)
  2 leopard geckos
  23 orcs
  7 bats
  6 giant cockroaches
  12 goblins
  9 hobgoblins
  7 jackals (D:7)
  7 kobolds
  5 quokkas
  2 ball pythons
  2 ball python skeletons
  7 frilled lizards
  A giant cockroach zombie (Ossuary)
  3 jackal zombies (Ossuary)
  3 leopard gecko skeletons
  7 rats
184 creatures vanquished.

Vanquished Creatures (collateral kills)
  4 foxfires
4 creatures vanquished.

Vanquished Creatures (others)
  636 foxfires
  7 plants (D:3)
  8 withered plants (Ossuary)
651 creatures vanquished.

Grand Total: 839 creatures vanquished

Notes
Turn   | Place    | Note
-------+----------+-------------------------------------------
     0 | D:1      | iamoutofideas the Demonspawn Fire Elementalist began the
                  | quest for the Orb.
     0 | D:1      | Reached XP level 1. HP: 13/13 MP: 3/3
    89 | D:1      | Gained mutation: You regenerate a little health from kills.
                  | [demonic ancestry]
    89 | D:1      | Reached XP level 2. HP: 12/19 MP: 0/5
   993 | D:1      | Gained mutation: You regenerate health from kills. [demonic
                  | ancestry]
   993 | D:1      | Reached XP level 3. HP: 23/24 MP: 2/6
  1501 | D:2      | Learned a level 3 spell: Conjure Flame
  1607 | D:2      | Noticed Natasha
  1614 | D:2      | Killed Natasha
  1615 | D:2      | Gained mutation: You are partially covered in sharp spines.
                  | [demonic ancestry]
  1615 | D:2      | Reached XP level 4. HP: 24/30 MP: 5/8
  1688 | D:2      | Noticed Robin
  1707 | D:2      | Killed Robin
  1708 | D:2      | Reached skill level 3 in Spellcasting
  1780 | D:2      | You fall into a shaft and drop 1 floor!
  1860 | D:2      | Noticed Natasha
  2017 | D:2      | Learned a level 4 spell: Sticky Flame
  2089 | D:3      | Noticed Terence
  2106 | D:3      | Killed Terence
  2191 | D:3      | Reached XP level 5. HP: 30/35 MP: 7/10
  2266 | D:3      | Noticed Jessica
  2273 | D:3      | Killed Jessica
  2495 | D:3      | Learned a level 3 spell: Inner Flame
  2688 | D:3      | Noticed Grinder
  2928 | D:3      | Killed Grinder
  2929 | D:3      | Reached skill level 4 in Spellcasting
  2929 | D:3      | Reached XP level 6. HP: 37/41 MP: 0/13
  3577 | D:4      | Reached skill level 5 in Spellcasting
  3577 | D:4      | Gained mutation: You have an unusually large brain. (Int
                  | +2) [demonic ancestry]
  3577 | D:4      | Reached XP level 7. HP: 46/46 MP: 9/14
  3694 | D:4      | Learned a level 5 spell: Fireball
  4573 | D:5      | Entered Level 5 of the Dungeon
  4652 | D:5      | Found Anesm's Antique Armour Shop.
  4685 | D:5      | Noticed Edmund
  4800 | D:5      | Found Zoaghuc's Antique Weapon Shoppe.
  4853 | D:5      | Killed Edmund
  4874 | D:5      | Found Anigips's Gadget Emporium.
  4902 | D:5      | Found a sand-covered staircase.
  4907 | Ossuary  | Entered an ossuary
  4972 | Ossuary  | Reached skill level 6 in Spellcasting
  4984 | Ossuary  | Reached skill level 5 in Fire Magic
  5166 | Ossuary  | Reached XP level 8. HP: 52/52 MP: 15/17
  6006 | D:6      | Found a staircase to the Ecumenical Temple.
  6026 | Temple   | Entered the Ecumenical Temple
  6135 | Temple   | Became a worshipper of Vehumet
  6429 | D:6      | Reached skill level 5 in Conjurations
  6481 | D:6      | Found a sacrificial altar of Ru.
  6505 | D:6      | Reached skill level 7 in Spellcasting
  7175 | D:6      | Noticed Menkaure
  7249 | D:6      | Killed Menkaure
  7385 | D:6      | Found Qiops's General Store.
  7424 | D:6      | Reached XP level 9. HP: 57/57 MP: 14/20
  8139 | D:7      | Reached * piety under Vehumet
  8139 | D:7      | Offered knowledge of Shock by Vehumet.
  8202 | D:7      | Found a shimmering altar of Xom.
  8482 | D:7      | Reached skill level 8 in Spellcasting
  8494 | D:7      | Found Readomi's General Store.
  8700 | D:7      | Reached ** piety under Vehumet
  8700 | D:7      | Killed by an exploding a bullfrog zombie... exploding inner
                  | flame

Illustrated notes

Levels and vault maps discovered:
D:1:      dpeg_arrival_yet_another_circle, layout_basic
D:2:      layout_rooms, uniq_natasha, uniq_robin
D:3:      wad_woods_tower, layout_basic, serial_co_window_serial,
          co_window_paths_a, co_window_paths_a, co_window_corner_a,
          co_window_paths_b, co_window_cross_1, co_window_broadway_b,
          co_window_of_opportunity_c, co_window_2corner,
          co_window_unsneaky_path_b, glass_columns_b, glass_columns_c,
          glass_columns_a, glass_columns_c, glass_columns_c, uniq_terence,
          uniq_grinder, uniq_jessica
D:4:      layout_basic, grunt_decor_fettered, corner_web_ring
D:5:      layout_basic, serial_shops, kennysheep_mini_moat,
          kennysheep_little_box, shop_fountains, enter_ossuary_2,
          minmay_misc_feat_doors, uniq_edmund
D:6:      layout_loops_ring, lemuel_round_altar, minmay_temple_entry_offerings,
          serial_shops, shop, st_stairs_14, uniq_menkaure
D:7:      layout_basic, serial_shops, nicolae_shop_trees, xom_teletrap_fun
Temple:   kilobyte_greek_temple

Skill      XL: |  1  2  3  4  5  6  7  8  9 |
---------------+----------------------------+-----
Fire Magic     | 3 4 5 6 7 |  7.0
Spellcasting   | 3 4 5 6 7 8 |  8.2
Conjurations   | 2 3 4 5 6 |  6.4
Dodging        | 2 |  2.3
Stealth        | |  1.9

Action                   |  1- 3 |  4- 6 |  7- 9 || total
-------------------------+-------+-------+-------++-------
Melee: Unarmed           |     7 |       |       ||     7
       Dagger            |    12 |       |       ||    12
       Short sword       |     1 |    15 |    23 ||    39
 Cast: Foxfire           |    54 |   110 |   268 ||   432
       Conjure Flame     |     1 |     1 |     7 ||     9
       Sticky Flame      |       |       |     7 ||     7
       Fireball          |       |       |    12 ||    12
       Inner Flame       |       |       |     2 ||     2
  Use: Scroll            |     2 |     3 |     7 ||    12
       Potion            |       |     1 |       ||     1
 Stab: Sleeping          |     2 |     2 |       ||     4
Armor: Robe              |    18 |     4 |    13 ||    35
Dodge: Dodged            |    49 |    23 |    72 ||   144
